 Dungeon Crawl Stone Soup version 0.25-a0-100-g33052ceff8 (webtiles) character file.

Game seed: 15345092159971998120, levelgen mode: deterministic

6 vurker the Magician (level 1, -5/13 HPs)
             Began as a Mummy Fire Elementalist on Nov 14, 2019.
             Killed from afar by a dart slug (6 damage)
             ... with a slug dart
             ... on level 1 of the Dungeon.
             The game lasted 00:00:26 (116 turns).

vurker the Magician (Mummy Fire Elementalist)        Turns: 116, Time: 00:00:26

Health: -5/13      AC:  2    Str: 11    XL:     1   Next: 75%
Magic:  1/4        EV: 12    Int: 14    God:
Gold:   10         SH:  0    Dex: 12    Spells: 4/5 levels left

rFire    x . .     SeeInvis .   (no weapon)
rCold    + . .     Gourm    .   (no shield)
rNeg     + + +     Faith    .   a - +0 robe
rPois    ∞         Spirit   .   (no helmet)
rElec    .         Reflect  .   (no cloak)
rCorr    .         Harm     .   (no gloves)
MR       .....                  (no boots)
Stlth    ++........             (no amulet)
HPRegen  0.04/turn              (no ring)
MPRegen  0.09/turn              (no ring)

@: no status effects
A: no food or potions, fire vulnerability, cold resistance 1, negative energy
resistance 3, torment resistance, unbreathing
a: no special abilities


You were on level 1 of the Dungeon.
You were not hungry.

You visited 1 branch of the dungeon, and saw 1 of its levels.

You collected 10 gold pieces.

Inventory:

Armour
 a - a +0 robe (worn)
Scrolls
 b - a scroll of blinking {unknown}
 c - a scroll of enchant armour {unknown}


   Skills:
 + Level 0.2 Fighting
 - Level 1.5 Dodging
 - Level 1.5 Stealth
 * Level 2.9 Spellcasting
 * Level 1.0 Conjurations
 * Level 2.5 Fire Magic


You had 4 spell levels left.
You knew the following spells:

 Your Spells              Type           Power        Failure   Level  Hunger
a - Flame Tongue          Conj/Fire      #....        11%         1    N/A

Your spell library contained the following spells:

 Spells                   Type           Power        Failure   Level  Hunger
 Throw Flame              Conj/Fire      #.....       16%         2    N/A
 Conjure Flame            Conj/Fire      #.......     30%         3    N/A
 Inner Flame              Hex/Fire       #.......     36%         3    N/A
 Sticky Flame             Conj/Fire      #.......     71%         4    N/A
 Fireball                 Conj/Fire      #.........   96%         5    N/A

Dungeon Overview and Level Annotations

Branches:
Dungeon (1/15)

Altars:


Innate Abilities, Weirdness & Mutations

You do not eat or drink.
Your flesh is vulnerable to fire.
You are immune to poison.
Your flesh is cold resistant. (rC+)
You are immune to negative energy. (rN+++)
You are immune to unholy pain and torment.
You can survive without breathing.


Message History

The kobold shouts!
The hobgoblin shouts!
A jackal comes into view.
The kobold moves out of view.
The jackal moves out of view.
You hear a bark!
You hear a shout!
You hear a bark!
The jackal barks!
Found 46 gold pieces and a leather armour.
There are monsters nearby!
Aim: a leopard gecko (clinging, hasn't noticed you)
The flame tongue misses the leopard gecko.
The goblin shouts!
The leopard gecko hisses angrily.
A bat comes into view.
Aim: a leopard gecko (clinging)
The flame tongue misses the leopard gecko.
The flame tongue hits the hobgoblin.
The leopard gecko closely misses you. The leopard gecko bites you.
Aim: a leopard gecko (clinging)
The flame tongue hits the leopard gecko.
The bat hits you but does no damage. The leopard gecko bites you.
Aim: a leopard gecko (almost dead, clinging)
The flame tongue hits the leopard gecko.
You kill the leopard gecko!
Your Conjurations skill increases to level 1!
The bat hits you but does no damage.
A dart slug comes into view.
The bat hits you but does no damage.
A goblin comes into view.
The jackal barks!
The bat barely misses you. The bat hits you.
The bat hits you but does no damage.
You see here 14 gold pieces.
You don't have enough magic to cast that spell.
The bat barely misses you. The hobgoblin hits you with a +0 club.
* * * LOW HITPOINT WARNING * * *
You see here a bat corpse.
The bat barely misses you.
A hobgoblin and a dart slug come into view.
The bat completely misses you.
Found 12 gold pieces.
The bat barely misses you.
A jackal comes into view.
The bat hits you.
* * * LOW HITPOINT WARNING * * *
The bat hits you.
* * * LOW HITPOINT WARNING * * *
The bat barely misses you.
The hobgoblin shouts!
Found a stone staircase leading down.
You hear an angry hiss.
The dart slug launches a dart at you. The slug dart hits you.
You die...

........#.#h......
######..##.##..#
.# ##...#$#..# .#
#..K###.# .#
###.†h.h###.##
###.##.....#
####.#..g...#
#....#.bg...# ###
#.####..@.#+# ..#
#.# #.......# #.#
#.# ###.....#
####.##.#.#
#.$..w..#
#.......#.#
#.......#
.....####.#
######.>.
........#.# ...
(###.##.#.# ..
.#<#.# #.#


You could see a dart slug, a jackal, 2 hobgoblins and a bat.

Vanquished Creatures
  A leopard gecko (D:1)
  A bat (D:1)
  A goblin (D:1)
  A frilled lizard (D:1)
  A rat (D:1)
5 creatures vanquished.

Notes
Turn   | Place    | Note
-------+----------+-------------------------------------------
     0 | D:1      | vurker the Mummy Fire Elementalist began the quest for the
                  | Orb.
     0 | D:1      | Reached XP level 1. HP: 13/13 MP: 4/4
   102 | D:1      | Reached skill level 1 in Conjurations
   116 | D:1      | Killed from afar by a dart slug

Levels and vault maps discovered:
D:1:      onia_arrival_mini_spirals, layout_basic, minmay_vboxes

Skill      XL: |  1 |
---------------+----+-----
Conjurations   | 1 |  1.0
Fighting       | |  0.2
Dodging        | |  1.5
Stealth        | |  1.5
Spellcasting   | |  2.9
Fire Magic     | |  2.5

Action                   || total
-------------------------++-------
 Cast: Flame Tongue      ||     8
Armor: Robe              ||     4
Dodge: Dodged            ||     7

Table legend:
 A = Non-vault XP
 B = Vault XP
 C = Vault XP percentage of total XP
 D = Non-vault monster count
 E = Vault monster count
 F = Vault count percentage of total count
                 A         B        C        D         E       F
            +---------+---------+-------+---------+---------+-------
      Total |       6 |       3 |  33.3 |       4 |       1 |  20.0
            +---------+---------+-------+---------+---------+-------
        D:1 |       6 |       3 |  33.3 |       4 |       1 |  20.0
            +---------+---------+-------+---------+---------+-------
